 Dungeon Sprint DCSS version 0.32-a0-616-g9348d4545b (webtiles) character file.

Game seed: 12615422917146627667

133708 Prakerore the Ex Machina (level 16, 23/164 HPs)
             Began as a Coglin Berserker on Mar 5, 2024.
             Was the Champion of Trog.
             Quit the game in the Dungeon (Sprint VII: "The Pits").
             The game lasted 00:46:07 (8575 turns).

Prakerore the Ex Machina (Coglin Berserker)         Turns: 8575, Time: 00:46:08

Health: 23/164     AC: 39    Str: 24    XL:     16   Next: 83%
Magic:  7/16       EV: 30    Int:  7    God:    Trog [******]
Gold:   151        SH:  0    Dex: 18    Spells: 15/15 levels left

rFire   + + +        A - +6 broad axe "Hepnowusaf" {venom, rC+ SInv Stlth-}
rCold   + + +        p - +9 demon trident (heavy) {Minjun}
rNeg    . . .        L - +8 gold dragon scales
rPois   +            O - +0 hat "Qoejudas" {rElec rC++ Dex+3}
rElec   +            U - +0 cloak {Will+}
rCorr   +            H - +0 pair of gloves "Nuzayn" {rF+}
SInv    +            T - +1 pair of boots
Will    ++...        (amulet unavailable) Stlth
                     (ring unavailable)
HPRegen 0.47/turn    (ring unavailable)
MPRegen 0.15/turn    X - gigasecondary sprocket {Rampage Acrobat rPois rF+ rCorr}

%: no teleportation, acrobat, rampage
@: acrobatic, studying 3 skills
A: off-hand wielding, slow wielding, warmup strikes, no jewellery
}: 1/3 runes: silver
a: Renounce Religion, Berserk, Trog's Hand, Brothers in Arms


You were in the Dungeon.
You worshipped Trog.
Trog was exalted by your worship.
You visited 1 branch You collected 151 gold pieces.

Inventory:

Hand Weapons
 c - a +2 trident {Mirna}
 j - a +2 hand axe of freezing {Cedro}
 p - a +9 heavy demon trident (offhand) {Minjun}
 q - a +2 hand axe {Bernhard}
 s - a +4 quarterstaff of chaos
 A - the +6 broad axe "Hepnowusaf" (weapon) {venom, rC+ SInv Stlth-}
   (You found it in the Dungeon)

   rC+:       It protects you from cold.
   SInv:      It lets you see invisible.
   Stlth-:    It makes you less stealthy.
Missiles
 i - 6 javelins
 o - a throwing net (quivered)
 t - 2 curare-tipped darts
Armour
 y - a +3 plate armour
 H - the +0 pair of gloves "Nuzayn" (worn) {rF+}
   (You found it in the Dungeon)

   rF+:       It protects you from fire.
 J - a +0 kite shield
 K - a +0 tower shield
 L - +8 gold dragon scales (worn)
 M - a +2 pair of gloves
 N - a +1 pair of boots of rampaging
 O - the +0 hat "Qoejudas" (worn) {rElec rC++ Dex+3}
   (You found it in the Dungeon)

   Dex+3:     It affects your dexterity (+3).
   rC++:      It greatly protects you from cold.
   rElec:     It insulates you from electricity.
 P - +4 fire dragon scales
 Q - +4 fire dragon scales
 R - +4 fire dragon scales
 S - a +1 pair of gloves
 T - a +1 pair of boots (worn)
 U - a +0 cloak of willpower (worn)
 V - a +2 buckler
 W - a +0 cloak
 Y - a +1 cloak
Gizmo
 X - a gigasecondary sprocket (installed) {Rampage Acrobat rPois rF+ rCorr}
   (You invented it yourself in the Dungeon)

   [gigasecondary sprocket]

   rF+:       It protects you from fire.
   rPois:     It protects you from poison.
   rCorr:     It protects you from acid and corrosion.
   Rampage:   It bestows one free step when moving towards enemies.
   Acrobat:   It increases your evasion after moving or waiting.
Wands
 b - a wand of roots (8)
 I - a wand of flame (28)
 Z - a wand of mindburst (11)
Scrolls
 a - 2 scrolls of fear
 m - 3 scrolls of vulnerability
 n - 2 scrolls of butterflies
 w - 2 scrolls of fog
 z - a scroll of poison
 C - 8 scrolls of identify
 D - 8 scrolls of enchant armour
 E - 7 scrolls of enchant weapon
Potions
 d - 5 potions of curing
 f - 6 potions of haste
 g - 9 potions of magic
 h - 5 potions of berserk rage
 k - 2 potions of cancellation
 l - 2 potions of invisibility
 u - 11 potions of mutation
 v - 4 potions of resistance
 B - a potion of attraction
 F - a potion of enlightenment


   Skills:
 - Level 26.2 Fighting
 - Level 15.6(18.0) Axes
 - Level 13.6(16.2) Polearms
 - Level 6.0 Throwing
 + Level 23.4 Armour
 - Level 18.4 Dodging
 O Level 27 Evocations


You had 15 spell levels left.
You didn't know any spells.
Your spell library was empty.

Dungeon Overview and Level Annotations

Branches:
Dungeon (1/1)

Altars:
Cheibriados
Dithmenos
Elyvilon
Fedhas
Gozag
Hepliaklqana
Makhleb
Nemelex Xobeh
Okawaru
Qazlal
Ru
Sif Muna
Trog
Vehumet
Wu Jian
Xom
Yredelemnul
Zin
The Shining One
Beogh
Jiyva
Lugonu

Annotations:
D Lom Lobon


Innate Abilities, Weirdness & Mutations

You can wield a second weapon in your off-hand.
It takes a long time for you to wield or remove held weapons.
Your first few attacks do less damage.
You cannot equip rings or amulets.


Message History

You feel better.
You feel better.
Okay, then.
You feel better.
Lom Lobon gestures.
A freezing vortex appears around Lom Lobon!
Unknown command.
You feel better. The freezing vortex lifts you up.
You fly up into the air.
* * * LOW HITPOINT WARNING * * *
Lom Lobon gestures at you.
Lom Lobon conjures a mighty blast of ice!
The great icy blast engulfs you!! You partially resist.
* * * LOW HITPOINT WARNING * * *
You are encased in ice.
Unknown command.
You are engulfed in freezing vapours.
You resist.
* * * LOW HITPOINT WARNING * * *
Things that are here:
a +0 heavy trident; a green draconian skeleton
Okay, then.
Okay, then.
Blink to where?
Press: ? - help, Dir - move target
As you read the scroll of blinking, it crumbles to dust.
You float gracefully downwards.
The ice encasing you melts away.
Things that are here:
a +0 plate armour; a +0 battleaxe; an orc skeleton You see here a +6 battleaxe of flaming.
You see here a +0 battleaxe.
Things that are here:
a +0 arbalest; a yaktaur skeleton
Items here: ))) [[ ÷÷÷.
Your extra speed is starting to run out.
You feel yourself slow down.
You see here a +0 spear.
You recover from your berserk rage.
You see here a +0 long sword.
You see here a blink frog skeleton.
Are you sure you want to abandon this character and quit the game? (Confirm with "yes".)

.............##.'):#.##.)#))#))#)
##''###########.#:.+.##..#))#))##
##''###########.+=:#.##..#.....#.
.........##..##.##'#.##..#..####.
..#......##..##......##..#..'....
)........'[..##########..#..####.
.........''..##########).#.....#.
..#......##....)....[.[..#))#))#.
......)).##.....@.)......#))#))#.
##['#############################
##''############ ########## #####
##..)...'..'...###........###....
##......'..'.....##......##....##
##.÷÷..##..##.....##...)##..#.##.
##)[.###..).###....#....#.....#!.
##..##........###.###..##.#.#.#..
##''#...#..#...#÷...#..#......###


There were no monsters in sight!

Vanquished Creatures
  A profane servitor (D)
  Nikola (D)
  2 bone dragons (D)
  A sphinx (D)
  Polyphemus (D)
  A daeva (D)
  2 draconian monks (D)
  Ilsuiw (D)
  2 frost giants (D)
  A nagaraja (D)
  A fire giant (D)
  An emperor scorpion (D)
  3 deep elf sorcerers (D)
  16 orc warlords (D)
  An angel (D)
  2 red draconians (D)
  A deep elf annihilator (D)
  2 deep elf demonologists (D)
  A vampire knight (D)
  A black draconian (D)
  4 deep elf death magi (D)
  A yellow draconian (D)
  2 purple draconians (D)
  A dire elephant (D)
  3 white draconians (D)
  2 blizzard demons (D)
  A green death (D)
  A merfolk impaler (D)
  A yaktaur captain (D)
  2 deep elf high priests (D)
  A fire dragon (D)
  2 vault guards (D)
  A hell beast (D)
  A spriggan air mage (D)
  4 hydras (D)
  A merfolk avatar (D)
  4 ogre magi (D)
  A catoblepas (D)
  A death knight (D)
  3 two-headed ogres (D)
  An anaconda (D)
  2 merfolk aquamancers (D)
  An alligator snapping turtle (D)
  An alligator (D)
  A boulder beetle (D)
  2 naga warriors (D)
  2 occultists (D)
  3 demonic crawlers (D)
  A deep troll shaman (D)
  3 orc high priests (D)
  A vampire mage (D)
  3 deep elf knights (D)
  A sun demon (D)
  An iron troll (D)
  3 deep trolls (D)
  2 sea snakes (D)
  A spriggan druid (D)
  A shadow wraith (D)
  A bog body (D)
  A cherub (D)
  An arcanist (D)
  A necromancer (D)
  32 orc knights (D)
  A phantasmal warrior (D)
  2 deep elf pyromancers (D)
  5 harpies (D)
  10 orc sorcerers (D)
  A molten gargoyle (D)
  A smoke demon (D)
  2 merfolk sirens (D)
  A naga mage (D)
  2 efreet (D)
  An ice devil (D)
  A freezing wraith (D)
  A yaktaur (D)
  4 red devils (D)
  2 trolls (D)
  A wandering mushroom (D)
  3 hornets (D)
  5 merfolk (D)
  A wind drake (D)
  A hellwing (D)
  2 glass eyes (D)
  5 blink frogs (D)
  3 slime creatures (D)
  4 dream sheep (D)
  A jumping spider (D)
  4 spriggans (D)
  6 water elementals (D)
  A fire bat (D)
  7 redbacks (D)
  A steam dragon (D)
  A fire elemental (D)
  2 chaos spawn (D)
  4 wargs (D)
  An acid dragon (D)
  A water moccasin (D)
  A swamp drake (D)
  A sky beast (D)
  A black bear (D)
  18 orc warriors (D)
  A laughing skull (D)
  2 ogres (D)
  A phantom (D)
  A centaur (D)
  2 kobold brigands (D)
  2 weeping skulls (D)
  An earth elemental (D)
  A scorpion (D)
  A small abomination (D)
  An orc priest (D)
  Crazy Yiuf (D)
  An iguana (D)
  4 gnolls (D)
  An adder (D)
  A river rat (D)
  An ufetubus (D)
  An adder skeleton (D)
  An adder zombie (D)
  12 orcs (D)
  An endoplasm (D)
  7 jackals (D)
  3 quokkas (D)
  2 ball python skeletons (D)
  A bat (D)
  A bat simulacrum (D)
  A frilled lizard (D)
  A giant cockroach zombie (D)
  2 kobolds (D)
  A quokka skeleton (D)
  A quokka zombie (D)
  2 rats (D)
313 creatures vanquished.

Vanquished Creatures (collateral kills)
  A storm dragon (D)
  A deep elf death mage (D)
  A minotaur (D)
  A deep elf archer (D)
  A rime drake (D)
  A guardian mummy (D)
  A shadow (D)
  An orc warrior (D)
8 creatures vanquished.

Vanquished Creatures (others)
  A deep elf knight (D)
  A deep elf pyromancer (D)
  A killer bee (D)
  14 ball lightnings (D)
17 creatures vanquished.

Grand Total: 338 creatures vanquished

Notes
Turn   | Place    | Note
-------+----------+-------------------------------------------
     0 | D        | Prakerore the Coglin Berserker began the quest for the Orb.
     0 | D        | Reached XP level 1. HP: 18/18 MP: 1/1
    15 | D        | Reached skill level 5 in Axes
    15 | D        | Reached XP level 2. HP: 22/24 MP: 2/2
    91 | D        | Found a glowing golden altar of the Shining One.
    91 | D        | Found a glowing silver altar of Zin.
    91 | D        | Found a basalt altar of Yredelemnul.
    91 | D        | Found a shimmering altar of Xom.
    91 | D        | Found an ornate altar of the Wu Jian Council.
    91 | D        | Found a bloodstained altar of Trog.
    91 | D        | Found a shimmering blue altar of Sif Muna.
    91 | D        | Found a sacrificial altar of Ru.
    91 | D        | Found a stormy altar of Qazlal.
    91 | D        | Found an iron altar of Okawaru.
    91 | D        | Found a sparkling altar of Nemelex Xobeh.
    91 | D        | Found a burning altar of Makhleb.
    91 | D        | Found a viscous altar of Jiyva.
    91 | D        | Found a hazy altar of Hepliaklqana.
    91 | D        | Found an opulent altar of Gozag.
    91 | D        | Found a blossoming altar of Fedhas.
    91 | D        | Found a white marble altar of Elyvilon.
    91 | D        | Found a shadowy altar of Dithmenos.
    91 | D        | Found a snail-covered altar of Cheibriados.
    92 | D        | Found a radiant altar of Vehumet.
    92 | D        | Found a corrupted altar of Lugonu.
    92 | D        | Found a roughly hewn altar of Beogh.
   100 | D        | Reached ** piety under Trog
   101 | D        | Reached skill level 1 in Polearms
   107 | D        | Noticed a scorpion
   112 | D        | Reached XP level 3. HP: 29/29 MP: 3/3
   112 | D        | Killed a scorpion
   112 | D        | Reached *** piety under Trog
   113 | D        | Reached skill level 5 in Polearms
   113 | D        | Reached XP level 4. HP: 35/35 MP: 4/4
   163 | D        | Reached **** piety under Trog
   295 | D        | Noticed a sky beast
   295 | D        | Noticed Crazy Yiuf
   295 | D        | Noticed a warg
   307 | D        | Killed a warg
   308 | D        | Reached XP level 5. HP: 8/42 MP: 5/5
   312 | D        | Killed a sky beast
   313 | D        | Reached skill level 10 in Polearms
   313 | D        | Reached XP level 6. HP: 10/48 MP: 6/6
   314 | D        | Reached ***** piety under Trog
   318 | D        | Killed Crazy Yiuf
   476 | D        | Noticed a fire bat
   478 | D        | Killed a fire bat
   478 | D        | Received a gift from Trog
   479 | D        | Reached XP level 7. HP: 54/54 MP: 7/7
   482 | D        | Noticed a jumping spider
   489 | D        | Killed a jumping spider
   576 | D        | Reached skill level 5 in Fighting
   580 | D        | Reached XP level 8. HP: 54/62 MP: 8/8
   611 | D        | Noticed a red devil
   619 | D        | Killed a red devil
   619 | D        | Received a gift from Trog
   620 | D        | Reached skill level 5 in Armour
   653 | D        | Noticed a demonic crawler
   661 | D        | Killed a demonic crawler
   662 | D        | Reached XP level 9. HP: 77/77 MP: 9/9
   845 | D        | Noticed a demonic crawler
   850 | D        | Killed a demonic crawler
   946 | D        | Reached skill level 10 in Axes
   985 | D        | Reached ****** piety under Trog
   985 | D        | Received a gift from Trog
  1126 | D        | Noticed a guardian mummy
  1130 | D        | Noticed an anaconda
  1137 | D        | Noticed a rime drake
  1139 | D        | Killed a guardian mummy
  1140 | D        | Reached XP level 10. HP: 57/83 MP: 10/10
  1141 | D        | Killed an anaconda
  1144 | D        | Reached skill level 15 in Axes
  1146 | D        | Received a gift from Trog
  1198 | D        | Noticed an orc knight
  1298 | D        | Killed an orc knight
  1299 | D        | Reached skill level 10 in Fighting
  1452 | D        | Received a gift from Trog
  1483 | D        | Noticed a bog body
  1489 | D        | Killed a bog body
  1490 | D        | Reached XP level 11. HP: 90/90 MP: 11/11
  1608 | D        | Noticed a fire dragon
  1608 | D        | Noticed a sun demon
  1615 | D        | Killed a sun demon
  1615 | D        | Identified the +7 glaive of Doomed Dominance {flame, Str+4
                  | SInv Stlth+} (Trog gifted it to you in the Dungeon)
  1615 | D        | Received a gift from Trog
  1617 | D        | Noticed a minotaur
  1621 | D        | Killed a fire dragon
  1646 | D        | Killed a minotaur
  1673 | D        | Noticed an orc high priest
  1673 | D        | Noticed a merfolk aquamancer
  1673 | D        | Noticed a deep elf pyromancer
  1703 | D        | Received a gift from Trog
  1705 | D        | Killed a merfolk aquamancer
  1706 | D        | Reached skill level 10 in Armour
  1724 | D        | Noticed a soul eater
  1728 | D        | Killed an orc high priest
  1768 | D        | Received a gift from Trog
  1788 | D        | Killed a deep elf pyromancer
  1883 | D        | Noticed a boulder beetle
  2123 | D        | Killed a boulder beetle
  2123 | D        | Received a gift from Trog
  2124 | D        | Reached skill level 5 in Throwing
  2124 | D        | Reached XP level 12. HP: 107/107 MP: 12/12
  2211 | D        | Acquired the +0 pair of gloves "Elliet" {rElec}
  2276 | D        | Reached skill level 10 in Dodging
  2297 | D        | Noticed a deep elf knight
  2297 | D        | Noticed a deep elf knight
  2306 | D        | Killed a deep elf knight
  2319 | D        | Received a gift from Trog
  2328 | D        | Killed a deep elf knight
  2329 | D        | Reached skill level 15 in Fighting
  2497 | D        | Noticed an occultist
  2523 | D        | Killed an occultist
  2859 | D        | Noticed an emperor scorpion
  2873 | D        | Killed an emperor scorpion
  2927 | D        | Noticed a seven-headed hydra
  2933 | D        | Killed a seven-headed hydra
  2933 | D        | Received a gift from Trog
  2986 | D        | Noticed an orc warlord
  2987 | D        | Noticed an orc warlord
  3194 | D        | Received a gift from Trog
  3218 | D        | Killed an orc warlord
  3424 | D        | Reached XP level 13. HP: 117/117 MP: 13/13
  3426 | D        | Received a gift from Trog
  3612 | D        | Killed an orc warlord
  3634 | D        | Noticed a vault guard
  3634 | D        | Noticed a yaktaur captain
  3661 | D        | Killed a vault guard
  3667 | D        | Killed a yaktaur captain
  3733 | D        | Received a gift from Trog
  3736 | D        | Noticed a blizzard demon
  3747 | D        | Killed a blizzard demon
  3894 | D        | Got the +6 broad axe "Hepnowusaf" {venom, rC+ SInv Stlth-}
  3946 | D        | Noticed a frost giant
  3960 | D        | Killed a frost giant
  3960 | D        | Received a gift from Trog
  4021 | D        | Noticed a vault guard
  4026 | D        | Killed a vault guard
  4327 | D        | Noticed a fire giant
  4362 | D        | Killed a fire giant
  4369 | D        | Received a gift from Trog
  4447 | D        | Noticed a green draconian monk
  4451 | D        | Noticed a deep elf death mage
  4463 | D        | Killed a green draconian monk
  4463 | D        | Received a gift from Trog
  4464 | D        | Reached skill level 15 in Armour
  4465 | D        | Killed a deep elf death mage
  4492 | D        | Noticed a deep elf death mage
  4497 | D        | Killed a deep elf death mage
  4499 | D        | Killed a ghostly deep elf death mage
  4556 | D        | Noticed a red draconian
  4569 | D        | Killed a red draconian
  4581 | D        | Noticed a black draconian
  4600 | D        | Noticed a deep elf death mage
  4609 | D        | Killed a deep elf death mage
  4611 | D        | Killed a ghostly deep elf death mage
  4612 | D        | Reached XP level 14. HP: 135/135 MP: 14/14
  4612 | D        | Killed a black draconian
  4617 | D        | Acquired a gigasecondary sprocket {Rampage Acrobat rPois
                  | rF+ rCorr}
  4649 | D        | Noticed a green draconian monk
  4667 | D        | Killed a green draconian monk
  4847 | D        | Received a gift from Trog
  4875 | D        | Noticed a nagaraja
  4895 | D        | Killed a nagaraja
  4970 | D        | Noticed a deep elf annihilator
  4989 | D        | Killed a deep elf annihilator
  5002 | D        | Noticed a deep elf sorcerer
  5027 | D        | Killed a deep elf sorcerer
  5039 | D        | Received a gift from Trog
  5054 | D        | Noticed a deep elf demonologist
  5059 | D        | Killed a deep elf demonologist
  5119 | D        | Noticed a deep elf sorcerer
  5131 | D        | Killed a deep elf sorcerer
  5147 | D        | Noticed a deep elf sorcerer
  5149 | D        | Noticed a white draconian
  5156 | D        | Killed a deep elf sorcerer
  5156 | D        | Received a gift from Trog
  5157 | D        | Killed a white draconian
  5366 | D        | Received a gift from Trog
  5366 | D        | Found the +8 demon trident "Rift" {distort, reach+}
  5434 | D        | Noticed a vampire knight
  5438 | D        | Killed a vampire knight
  5444 | D        | Noticed a white draconian
  5448 | D        | Killed a white draconian
  5448 | D        | Received a gift from Trog
  5457 | D        | Received a gift from Trog
  5513 | D        | Noticed a yellow draconian
  5515 | D        | Received a gift from Trog
  5523 | D        | Reached skill level 2 in Evocations
  5528 | D        | Killed a yellow draconian
  5529 | D        | Reached skill level 5 in Evocations
  5578 | D        | Noticed Polyphemus
  5589 | D        | Killed Polyphemus
  5590 | D        | Reached skill level 8 in Evocations
  5709 | D        | Noticed a dire elephant
  5709 | D        | Noticed a deep elf death mage
  5714 | D        | Received a gift from Trog
  5718 | D        | Killed a dire elephant
  5719 | D        | Reached skill level 10 in Evocations
  5724 | D        | Killed a deep elf death mage
  5727 | D        | Killed a ghostly deep elf death mage
  5728 | D        | Reached skill level 11 in Evocations
  5735 | D        | Received a gift from Trog
  5825 | D        | Reached skill level 12 in Evocations
  5828 | D        | Reached XP level 15. HP: 138/149 MP: 15/15
  5840 | D        | Received a gift from Trog
  5931 | D        | Reached skill level 15 in Dodging
  5974 | D        | Identified the +4 war axe of Sudden Death {heavy, rN+}
                  | (Trog gifted it to you in the Dungeon)
  5974 | D        | Received a gift from Trog
  5975 | D        | Upgraded the game from 0.32-a0-612-g1c984fe9d1 to
                  | 0.32-a0-616-g9348d4545b
  6080 | D        | Noticed Ilsuiw
  6083 | D        | Received a gift from Trog
  6086 | D        | Noticed a frost giant
  6114 | D        | Killed a frost giant
  6117 | D        | Received a gift from Trog
  6128 | D        | Killed Ilsuiw
  6238 | D        | Received a gift from Trog
  6255 | D        | Noticed a bone dragon
  6266 | D        | Reached skill level 13 in Evocations
  6267 | D        | Killed a bone dragon
  6267 | D        | Identified the +5 broad axe of Gafomen {antimagic, rPois
                  | Int-2 Dex+3} (Trog gifted it to you in the Dungeon)
  6267 | D        | Received a gift from Trog
  6268 | D        | Reached skill level 14 in Evocations
  6269 | D        | Reached skill level 15 in Evocations
  6273 | D        | Noticed a storm dragon
  6285 | D        | Noticed a bone dragon
  6287 | D        | Noticed an angel
  6288 | D        | Killed a storm dragon
  6290 | D        | Noticed a daeva
  6292 | D        | Noticed a fire giant
  6293 | D        | Killed an angel
  6293 | D        | Received a gift from Trog
  6543 | D        | Killed a daeva
  6646 | D        | Killed a bone dragon
  6653 | D        | Received a gift from Trog
  6701 | D        | Noticed Nikola
  6726 | D        | Killed Nikola
  6755 | D        | Received a gift from Trog
  6825 | D        | Noticed an orc warlord
  6850 | D        | Killed an orc warlord
  6932 | D        | Received a gift from Trog
  6988 | D        | Reached XP level 16. HP: 147/162 MP: 16/16
  6995 | D        | Noticed a profane servitor
  7004 | D        | Killed a profane servitor
  7049 | D        | Noticed a sphinx
  7055 | D        | Killed a sphinx
  7055 | D        | Received a gift from Trog
  7056 | D        | Reached skill level 16 in Evocations
  7162 | D        | Got the +0 hat "Qoejudas" {rElec rC++ Dex+3}
  7185 | D        | Got the +0 pair of gloves "Nuzayn" {rF+}
  7320 | D        | Reached skill level 17 in Evocations
  7481 | D        | Identified the +9 war axe "Dragon's Tongue" {heavy, rF+
                  | Will+ Str-3} (Trog gifted it to you in the Dungeon)
  7481 | D        | Received a gift from Trog
  7513 | D        | Reached skill level 18 in Evocations
  7519 | D        | Reached skill level 19 in Evocations
  7552 | D        | Received a gift from Trog
  7553 | D        | Reached skill level 20 in Evocations
  7632 | D        | Reached skill level 21 in Evocations
  7690 | D        | Received a gift from Trog
  7696 | D        | Reached skill level 22 in Evocations
  7729 | D        | Reached skill level 23 in Evocations
  7778 | D        | Identified the staff "Poer" {rElec Int+2 Hexes Air}
  7790 | D        | Received a gift from Trog
  7854 | D        | Reached skill level 24 in Evocations
  7865 | D        | Identified the +4 leather armour "Haituruz" {rF- Str+4}
  7886 | D        | Received a gift from Trog
  7905 | D        | Identified the +2 ring mail of the Shining Light {Int+6}
  7925 | D        | Reached skill level 25 in Evocations
  7935 | D        | Received a gift from Trog
  7955 | D        | Identified the +0 plate armour of Wothral {Harm +Inv rCorr
                  | Str-3}
  7962 | D        | Reached skill level 26 in Evocations
  8072 | D        | Reached skill level 27 in Evocations
  8187 | D        | Received a gift from Trog
  8228 | D        | Received a gift from Trog
  8338 | D        | Got a silver rune of Zot
  8428 | D        | Acquired a manual of Armour
  8473 | D        | Noticed Lom Lobon
  8534 | D        | HP: 8/164 [Lom Lobon] (1)]
  8575 | D        | Quit the game

Illustrated notes

Levels and vault maps discovered:
D:        pitsprint [storerooms_1, entrance_room_1, metal_vault_4, armoury_1,
          mini_pit_1, grid_room_1, main_hall_1, silver_pit, the_coven_1,
          the_vestibule_1, steel_vault_2, golden_pit, hallway_of_sentries,
          crystal_vault_2, iron_vault_4, final_vault]

Skill      XL: |  1  2  3  4  5  6  7  8  9 10 11 12 13 14 15 16 |
---------------+-------------------------------------------------+-----
Axes           | 5 12 15 | 15.6
Polearms       | 3 5 8 10 12 13 | 13.6
Dodging        | 4 6 9 13 14 18 | 18.4
Fighting       | 4 5 9 10 14 16 20 23 25 26 | 26.2
Armour         | 4 5 8 10 13 16 20 22 23 | 23.4
Throwing       | 3 5 6 |  6.0
Evocations     | 12 15 27 | 27.0

Action                     |  1- 3 |  4- 6 |  7- 9 | 10-12 | 13-15 | 16-18 || total
---------------------------+-------+-------+-------+-------+-------+-------++-------
  Melee: Dagger            |     4 |       |       |       |       |       ||     4
         Hand axe          |     9 |    21 |    25 |       |       |       ||    55
         Trident           |     8 |    26 |    58 |    21 |       |       ||   113
         Broad axe         |       |       |    16 |    93 |   294 |   122 ||   525
         Demon trident     |       |       |       |   124 |   403 |   184 ||   711
 Invoke: Berserk           |     2 |     2 |     5 |    10 |     7 |     2 ||    28
         Brothers in Arms  |       |       |     1 |     2 |     6 |     2 ||    11
         Trog's Hand       |       |       |       |     1 |     1 |     1 ||     3
Ability: Invent Gizmo      |       |       |       |       |     1 |       ||     1
  Evoke: Wand              |       |       |       |       |     1 |       ||     1
    Use: Potion            |       |       |     1 |     5 |    12 |    19 ||    37
         Scroll            |       |       |       |     2 |     4 |     3 ||     9
 Armour: Animal skin       |     2 |     7 |       |       |       |       ||     9
         Chain mail        |       |     5 |    27 |       |       |       ||    32
         Plate armour      |       |       |    20 |    86 |    25 |       ||   131
         Gold dragon scale |       |       |       |       |   372 |   113 ||   485
  Dodge: Dodged            |     7 |    15 |    21 |    24 |   186 |    65 ||   318

Table legend: (Time is in decaauts)
 A = Elapsed time spent in this place.
 B = Non-inter-level travel time spent in this place.
 C = Inter-level travel time spent in this place.
 D = Time resting spent in this place.
 E = Time spent auto-exploring this place.
 F = Levels seen in this place.
 G = Mean time per level.
                   A        B        C        D        E       F      G
               +--------+--------+--------+--------+--------+-----+--------+
         Total |   8612 |   8391 |    221 |   3398 |   1776 |   1 | 8612.0 |
       Dungeon |   8612 |   8391 |    221 |   3398 |   1776 |   1 | 8612.0 |
               +--------+--------+--------+--------+--------+-----+--------+

Top non-repeatable levels by time:
       D: 8612 daAuts
